 Dungeon Crawl Stone Soup version 0.29-a0-383-g8b6f518c11 (webtiles) character file.

Game seed: 465382656443592762

414 Bruhh the Changer (level 6, -9/48 HPs)
             Began as a Draconian Transmuter on May 6, 2022.
             Mangled by Edmund
             ... wielding a +2 flail of protection
              (17 damage)
             ... on level 5 of the Dungeon.
             The game lasted 00:09:36 (5348 turns).

Bruhh the Changer (Draconian Transmuter)            Turns: 5348, Time: 00:09:37

Health: -9/48      AC:  2    Str: 13    XL:     6   Next: 60%
Magic:  5/10       EV: 19    Int: 15    God:
Gold:   267        SH:  0    Dex: 16    Spells: 5/11 levels left

rFire   . . .      SeeInvis .     - Unarmed
rCold   . . .      Faith    .   (shield currently unavailable)
rNeg    . . .      Spirit   .   (body armour unavailable)
rPois   x          Reflect  .   (helmet currently unavailable)
rElec   .          Harm     .   (cloak currently unavailable)
rCorr   .          Rampage  .   (gloves currently unavailable)
Will    .....                   (boots currently unavailable)
Stlth   +.........              (no amulet)
HPRegen 0.16/turn               (no ring)
MPRegen 0.12/turn               (no ring)

@: spider-form, wereblooded (expiring)
A: venomous fangs, AC +6, tiny, unfitting armour, (cold-blooded)
a: End Transformation


You were on level 5 of the Dungeon.
You were a venomous arachnid creature.
You visited 1 branch of the dungeon, and saw 5 of its levels.

You collected 267 gold pieces.

Inventory:

Armour
 l - a +1 helmet
Wands
 p - a wand of iceblast (9)
Scrolls
 a - a scroll of fear {unknown}
 b - 2 scrolls of teleportation {unknown}
 c - 2 scrolls of poison {unknown}
 f - 3 scrolls of identify {unknown}
 g - 2 scrolls of magic mapping {unknown}
 j - a scroll of enchant weapon {unknown}
 k - a scroll of blinking {unknown}
 n - a scroll of amnesia {unknown}
Potions
 d - a potion of curing
 e - a potion of might
 h - a potion of cancellation {unknown}
 i - 2 potions of heal wounds {unknown}
 m - a potion of brilliance {unknown}
 o - a potion of flight {unknown}


   Skills:
 + Level 2.2 Fighting
 - Level 1.7 Dodging
 - Level 3.0 Unarmed Combat
 - Level 3.0 Spellcasting
 - Level 6.0 Transmutations
 - Level 2.0 Poison Magic


You had 5 spell levels left.
You knew the following spells:

 Your Spells              Type           Power      Damage    Failure   Level
a - Beastly Appendage     Tmut           40%        N/A       7%          1
b - Wereblood             Tmut           20%        N/A       10%         2
c - Spider Form           Tmut/Pois      14%        N/A       28%         3

Your spell library contained the following spells:

 Spells                   Type           Power      Damage    Failure   Level
 Slow                     Hex            8%         N/A       41%         1
 Blink                    Tloc           4%         N/A       52%         2
 Static Discharge         Conj/Air       2%         N/A       52%         2
 Ice Form                 Ice/Tmut       11%        N/A       71%         4
 Confusing Touch          Hex            2%         N/A       73%         3
 Lesser Beckoning         Tloc           2%         N/A       73%         3
 Ozocubu's Armour         Ice            2%         N/A       73%         3
 Vampiric Draining        Necr           2%         2d6       73%         3
 Cause Fear               Hex            1%         N/A       97%         4
 Lightning Bolt           Conj/Air       1%         1d12      100%        5
 Manifold Assault         Tloc           2%         N/A       100%        5
 Metabolic Englaciation   Hex/Ice        1%         N/A       100%        5
 Simulacrum               Ice/Necr       1%         N/A       100%        6
 Dragon Form              Tmut           10%        N/A       100%        7
 Maxwell's Capacitive Co  Air            1%         ∞         100%        8
 Dragon's Call            Summ           1%         N/A       100%        9


Dungeon Overview and Level Annotations

Branches:
Dungeon (5/15)
 Temple: D:4-7

Altars:
Gozag
Hepliaklqana

Annotations:
D:5 Dowan, Duvessa, Edmund


Innate Abilities, Weirdness & Mutations

You are a venomous arachnid creature.
You have poisonous fangs.
You are tiny and dextrous.
Your spellcasting is less reliable in this form.
Your armour is entirely melded.
You are incapable of wielding weapons or throwing items.
((Your plain brown scales are hard. (AC +6)))
You cannot fit into any form of body armour.
((You are cold-blooded and may be slowed by cold attacks.))


Message History

Edmund rages.
The quokka completely misses you.
Edmund rages.
The quokka bites you but does no damage.
You bite the quokka!
You feel a bit better.
You kill the quokka!
You hit the howler monkey.
The howler monkey is poisoned.
The howler monkey is lightly wounded.
The howler monkey misses you.
You completely miss the howler monkey.
The howler monkey is lightly wounded.
The howler monkey completely misses you.
You hit the howler monkey.
The howler monkey looks as sick as possible!
The howler monkey is moderately wounded.
You hiss as the wereblood boils in your veins!
The howler monkey hoots and howls with incredible vigour!
The howler monkey barely misses you.
You hit the howler monkey.
The howler monkey is severely wounded.
The howler monkey hits you but does no damage.
You bite the howler monkey!
You feel a bit better.
You kill the howler monkey!
Your Fighting skill increases to level 2!
You hit Edmund but do no damage.
Your primal bloodlust is almost over.
Edmund hits you with a +2 flail of protection!
Edmund hits you with a +2 flail of protection.
You are too injured to fight recklessly!
You hit Edmund but do no damage.
Edmund is poisoned.
You hiss as the wereblood boils in your veins!
Edmund misses you.
You barely miss Edmund.
Edmund is lightly wounded.
Edmund barely misses you.
You feel better.
Edmund hits you with a +2 flail of protection!
* * * LOW HITPOINT WARNING * * *
Edmund hits you with a +2 flail of protection!
You die...

#... #...# #.... #..#.# ##...##
#...@ #### #..#.# .#
###.....#####.## ...# #....# .#
#.............## ...#####.##.##.#
#..$....####..## ##.............#
#.......####..##
##..####.......###.........).....
....# ##(......##.......####....
##.## #.......s@.....$......##.
...# #.......##.......#######.
...# ##.....####......# #. ####
##...## #......# #. ##.###.##
#......# ## #.## ##.# ##..$..# #
##.###.## .....# # ###.#..## ....
# #.......# ####


You could see Edmund (berserk, very poisoned).

Vanquished Creatures
  A scorpion (D:4)
  A howler monkey (D:5)
  3 hounds
  An orc wizard (D:3)
  Robin (D:2)
  10 adders
  2 worms
  A dart slug (D:3)
  4 orcs (D:3)
  8 bats
  3 endoplasms
  4 giant cockroaches
  16 goblins
  8 hobgoblins
  3 jackals (D:5)
  7 kobolds
  4 quokkas
  7 ball pythons
  6 frilled lizards
  8 rats (D:1)
98 creatures vanquished.

Notes
Turn   | Place    | Note
-------+----------+-------------------------------------------
     0 | D:1      | Bruhh the Draconian Transmuter began the quest for the Orb.
     0 | D:1      | Reached XP level 1. HP: 16/16 MP: 3/3
   382 | D:1      | Reached XP level 2. HP: 23/23 MP: 3/5
   631 | D:1      | Found a faded altar of an unknown god.
  1538 | D:1      | Learned a level 2 spell: Wereblood
  1539 | D:2      | Noticed Robin
  1547 | D:1      | Reached XP level 3. HP: 22/28 MP: 5/7
  1638 | D:2      | Reached skill level 3 in Transmutations
  1690 | D:2      | Killed Robin
  1700 | D:2      | Reached XP level 4. HP: 17/35 MP: 5/8
  1896 | D:2      | Found an opulent altar of Gozag.
  1925 | D:2      | Reached skill level 4 in Transmutations
  2500 | D:3      | Reached XP level 5. HP: 38/40 MP: 6/9
  2626 | D:3      | Learned a level 3 spell: Spider Form
  3741 | D:4      | Reached skill level 5 in Transmutations
  3741 | D:4      | Reached skill level 1 in Poison Magic
  3980 | D:4      | Found a hazy altar of Hepliaklqana.
  4277 | D:4      | Reached XP level 6. HP: 41/47 MP: 8/10
  4569 | D:5      | Entered Level 5 of the Dungeon
  4688 | D:5      | Noticed Duvessa
  4696 | D:5      | Noticed Dowan
  5090 | D:5      | Identified the +5 chain mail of Qazlal's Reproof {rCorr}
  5301 | D:5      | Noticed Edmund
  5338 | D:5      | Reached skill level 6 in Transmutations
  5348 | D:5      | Mangled by Edmund

Illustrated notes

Levels and vault maps discovered:
D:1:      elethiomel_arrival_diamonds, layout_basic,
          dreamdust_ecumenical_altar_statues, minmay_ruptured
D:2:      layout_rooms, basic_altar, uniq_robin
D:3:      layout_loops_corners, eino_curves_03
D:4:      layout_rooms, kennysheep_mini, palyth_stone_intersect,
          minmay_fountain_box, kennysheep_generic_room_14
D:5:      dreamdust_elfheim, layout_loops_cross, serial_park_tiny_pond,
          uniq_duvessa, uniq_edmund

Skill      XL: |  1  2  3  4  5  6 |
---------------+-------------------+-----
Spellcasting   | 3 |  3.0
Transmutations | 3 4 5 6 |  6.0
Poison Magic   | 1 2 |  2.0
Fighting       | 2 |  2.2
Dodging        | |  1.7
Unarmed Combat | |  3.0

Action                   |  1- 3 |  4- 6 || total
-------------------------+-------+-------++-------
Melee: Unarmed           |   108 |   197 ||   305
       Headbutt          |    10 |    18 ||    28
       Kick              |     8 |    26 ||    34
       Tailslap          |     8 |    18 ||    26
       Punch             |     1 |     3 ||     4
 Cast: Beastly Appendage |    20 |    35 ||    55
       Wereblood         |     1 |     2 ||     3
       Spider Form       |       |     6 ||     6
  Use: Potion            |     3 |     1 ||     4
 Stab: Sleeping          |       |     1 ||     1
Armor: Skin              |    53 |   102 ||   155
Dodge: Dodged            |    93 |   188 ||   281

Table legend: (Time is in decaauts)
 A = Elapsed time spent in this place.
 B = Non-inter-level travel time spent in this place.
 C = Inter-level travel time spent in this place.
 D = Time resting spent in this place.
 E = Time spent auto-exploring this place.
 F = Levels seen in this place.
 G = Mean time per level.
                   A        B        C        D        E       F      G
               +--------+--------+--------+--------+--------+-----+--------+
         Total |   5336 |   5106 |    230 |    327 |   4047 |   5 | 1067.2 |
       Dungeon |   5336 |   5106 |    230 |    327 |   4047 |   5 | 1067.2 |
               +--------+--------+--------+--------+--------+-----+--------+

Top non-repeatable levels by time:
     D:1: 1617 daAuts
     D:3: 1250 daAuts
     D:4: 1192 daAuts
     D:2: 852 daAuts
     D:5: 423 daAuts
